 Dungeon Sprint DCSS version 0.17-a0-1691-g18a3847 (webtiles) character file.

638 cmyster the Basher (level 7, -6/89 HPs)
             Began as an Ogre Berserker on Aug 20, 2015.
             Was a Priest of Trog.
             Asphyxiated
             ... in the Dungeon (Sprint I: "Red Sonja").
             The game lasted 00:03:11 (851 turns).

cmyster the Basher (Ogre Berserker)                  Turns: 851, Time: 00:03:11

Health: -6/89      AC:  7    Str: 24    XL:     7   Next: 50%
Magic:  7/7        EV: 13    Int:  6    God:    Trog [***...]
Gold:   322        SH:  0    Dex: 10    Spells: 0 memorised, 6 levels left

rFire  . . .     SeeInvis .     j - +0 giant club
rCold  . . .     Clarity  .     b - +0 animal skin
rNeg   . . .     SustAt   .     (no shield)
rPois  .         Gourm    .     (helmet restricted)
rElec  .         Spirit   .     (no cloak)
rCorr  .         Warding  .     (gloves unavailable)
rMut   .         NoTele   +     (boots unavailable)
MR     .....                    (no amulet)
Stlth  +.........               (no ring)
                                (no ring)

@: lethally poisoned (-6 -> -18), very slightly contaminated, hasted and slowed,
not resistant to hostile enchantments, very unstealthy
A: unfitting armour, iridescent scales 1, tough skin 1
a: Burn Spellbooks, Berserk, Trog's Hand, Renounce Religion


You were in the Dungeon.
You worshipped Trog.
Trog was most pleased with you.
You were not hungry.

You visited 1 branch You collected 322 gold pieces.

Inventory:

Hand weapons
 a - a +0 mace
 j - a +0 giant club (weapon)
Armour
 b - a +0 animal skin (worn)
Scrolls
 i - a scroll of blinking
Potions
 g - 2 potions of magic
 h - a potion of berserk rage
Comestibles
 c - a bread ration


   Skills:
 + Level 11.9 Fighting
 + Level 12.4 Maces & Flails
 + Level 8.9 Dodging
 + Level 1.1 Stealth


You had 6 spell levels left.
You didn't know any spells.

Dungeon Overview and Level Annotations

Branches:
Dungeon (1/1)

Altars:
Cheibriados
Dithmenos
Elyvilon
Fedhas
Gozag
Kikubaaqudgha
Makhleb
Nemelex Xobeh
Okawaru
Qazlal
Ru
Sif Muna
Trog
Vehumet
Xom
Yredelemnul
Zin
The Shining One
Jiyva

Shops:
D !

Annotations:
D Sonja


Innate Abilities, Weirdness & Mutations

You are too large for most types of armour.
You have tough skin (AC +1).
You are partially covered in iridescent scales (AC +4).


Message History

Sonja hits you but does no damage. Sonja completely misses you.
You miss Sonja.
Sonja is heavily wounded.
Sonja gestures wildly while chanting.
Sonja blinks!
Sonja unwields an uncursed short sword of distortion.
Its appearance distorts for a moment.
Sonja wields a blowgun.
Sonja shoots a curare-tipped needle.
The curare-tipped needle hits you.
You are poisoned.
You have difficulty breathing.
* * * LOW HITPOINT WARNING * * *
You feel yourself slow down.
You see here a curare-tipped needle.
Unknown command.
* * * LOW HITPOINT WARNING * * *
You feel sick.
Sonja shoots a curare-tipped needle.
The curare-tipped needle hits you.
You are lethally poisoned!
You have difficulty breathing.
You die...

###################
#<.#..'..#..'..#__#
#..'÷.#..').#..'..+
#..#####'#####'#__#
#..####..#...#(####
#..#__####..##.#
#..#_.K__##'#..+
#⌠⌠#_.∩...@(.._#
####_..._##_.#'#
#_____###'#.#
####### #.### $.$
$.$# ##.## #+#


You could see Sonja.

Vanquished Creatures
  A slime creature (D)
  Sigmund (D)
  A yak (D)
  An ogre (D)
  A jelly (D)
  Ijyb (D)
6 creatures vanquished.

Vanquished Creatures (others)
  A gargoyle (D)
1 creature vanquished.

Grand Total: 7 creatures vanquished

Notes
Turn   | Place    | Note
--------------------------------------------------------------
     0 | D        | cmyster the Ogre Berserker began the quest for the Orb.
     0 | D        | Reached XP level 1. HP: 24/24 MP: 1/1
     2 | D        | Noticed Ijyb
    10 | D        | Killed Ijyb
    10 | D        | Reached skill level 6 in Fighting
    10 | D        | Reached skill level 5 in Maces & Flails
    10 | D        | Reached XP level 2. HP: 19/36 MP: 2/2
    10 | D        | Reached XP level 3. HP: 23/44 MP: 3/3
   156 | D        | Gained mutation: You are partially covered in iridescent scales (AC +4). [potion of beneficial mutation]
   158 | D        | Noticed an ogre
   165 | D        | Killed an ogre
   165 | D        | Reached skill level 8 in Fighting
   165 | D        | Reached skill level 5 in Dodging
   165 | D        | Reached XP level 4. HP: 35/58 MP: 4/4
   165 | D        | Reached XP level 5. HP: 39/65 MP: 5/5
   296 | D        | Noticed Sigmund
   322 | D        | Killed Sigmund
   322 | D        | Acquired Trog's second power
   322 | D        | Reached skill level 10 in Fighting
   322 | D        | Reached skill level 10 in Maces & Flails
   322 | D        | Reached XP level 6. HP: 39/78 MP: 6/6
   460 | D        | Killed a gargoyle
   513 | D        | Found a snail-covered altar of Cheibriados.
   513 | D        | Found a viscous altar of Jiyva.
   513 | D        | Found a shadowy altar of Dithmenos.
   513 | D        | Found a blossoming altar of Fedhas.
   513 | D        | Noticed a slime creature
   518 | D        | Killed a slime creature
   518 | D        | Reached skill level 11 in Fighting
   518 | D        | Reached XP level 7. HP: 55/88 MP: 7/7
   653 | D        | Found a deep blue altar of Sif Muna.
   654 | D        | Noticed a jelly
   655 | D        | Found a radiant altar of Vehumet.
   659 | D        | Killed a jelly
   659 | D        | Reached skill level 1 in Stealth
   768 | D        | Found Ewnankic's Distillery.
   768 | D        | Found a white marble altar of Elyvilon.
   768 | D        | Found a stormy altar of Qazlal.
   768 | D        | Found a burning altar of Makhleb.
   768 | D        | Found a sacrificial altar of Ru.
   768 | D        | Found a basalt altar of Yredelemnul.
   768 | D        | Found a glowing golden altar of the Shining One.
   768 | D        | Found a sparkling altar of Nemelex Xobeh.
   768 | D        | Found a shimmering altar of Xom.
   768 | D        | Found an opulent altar of Gozag.
   768 | D        | Found an ancient bone altar of Kikubaaqudgha.
   768 | D        | Found a glowing silver altar of Zin.
   768 | D        | Noticed a yak
   773 | D        | Killed a yak
   773 | D        | Reached skill level 12 in Maces & Flails
   774 | D        | Found an iron altar of Okawaru.
   775 | D        | Found a bloodstained altar of Trog.
   835 | D        | Noticed Sonja
   851 | D        | Asphyxiated

Vault maps used:
D:        dungeon_sprint_1

Action                   |  1- 3 |  4- 6 |  7- 9 || total
-------------------------+-------+-------+-------++-------
Melee: Mace              |    13 |       |       ||    13
       Giant club        |       |    23 |    16 ||    39
  Use: Potion            |     1 |       |     3 ||     4
